 Dungeon Crawl Stone Soup version 0.32-a0-791-gfc315c9ecd (webtiles) character file.

Game seed: 5773721185853536011

68325 Essalna the Earth Mage (level 15, -17/103 HPs)
             Began as a Gargoyle Earth Elementalist on Mar 20, 2024.
             Was a High Priest of Vehumet.
             Demolished by a bog body (24 damage)
             ... on level 3 of the Lair of Beasts.
             The game lasted 00:43:27 (24525 turns).

Essalna the Earth Mage (GrEE)                      Turns: 24525, Time: 00:43:28

Health: -17/103    AC: 20    Str: 12    XL:     15   Next: 26%
Magic:  34/37      EV: 11    Int: 29    God:    Vehumet [*****.]
Gold:   394        SH:  4    Dex: 10    Spells: 22/32 levels left

rFire   . . .        O - staff of earth
rCold   . . .        Y - +0 buckler
rNeg    + . .        Z - +0 troll leather armour
rPois   ∞            o - +1 helmet
rElec   +            u - +0 cloak
rCorr   .            A - +0 pair of gloves
SInv    .            K - +0 pair of boots
Will    +....        l - amulet of regeneration
Stlth   ++           a - ring of magical power
HPRegen 1.97/turn    R - +6 ring of intelligence
MPRegen 0.25/turn

%: no passive effects
@: flying, studying Earth Magic
A: sickness immunity, AC +11, big wings, negative energy resistance 1,
electricity resistance, torment resistance 1, petrification resistance
a: Renounce Religion


You were on level 3 of the Lair of Beasts.
You worshipped Vehumet.
Vehumet was extremely pleased with you.
You visited 5 branches of the dungeon, and saw 21 of its levels.

You collected 1514 gold pieces.
You spent 1120 gold pieces at shops.

Inventory:

Hand Weapons
 d - a +1 dagger of venom
 N - the +1 dagger "Plog" {pain, rN+ Will+ Int+2 Dex+3 Stlth+}
   (You took it off an orc wizard on level 8 of the Dungeon)

   Int+2:     It affects your intelligence (+2).
   Dex+3:     It affects your dexterity (+3).
   rN+:       It protects you from negative energy.
   Will+:     It increases your willpower.
   Stlth+:    It makes you more stealthy.
Armour
 o - a +1 helmet (worn)
 u - a +0 cloak (worn)
 y - a +2 leather armour of cold resistance
 A - a +0 pair of gloves (worn)
 K - a +0 pair of boots (worn)
 S - the +9 plate armour "Sanook" {rPois rF+}
   (You found it on level 1 of the Lair of Beasts)

   rF+:       It protects you from fire.
   rPois:     It protects you from poison.
 Y - a +0 buckler (worn)
 Z - a +0 troll leather armour (worn)
Magical Staves
 D - a staff of fire
 O - a staff of earth (weapon)
Jewellery
 a - a ring of magical power (left hand)
 c - a ring of wizardry
 e - a +6 ring of dexterity
 l - an amulet of regeneration (around neck)
 B - a ring of protection from cold
 L - a ring of willpower
 R - a +6 ring of intelligence (right hand)
Wands
 r - a wand of roots (25)
 H - a wand of digging (5)
 J - a wand of light (8)
 V - a wand of charming (10)
Scrolls
 f - 2 scrolls of fog
 h - 6 scrolls of teleportation
 i - 2 scrolls of noise
 j - 4 scrolls of silence
 k - 2 scrolls of enchant weapon
 m - 4 scrolls of enchant armour
 q - 5 scrolls of blinking
 v - a scroll of fear
 w - 2 scrolls of vulnerability
 z - a scroll of brand weapon
 C - a scroll of immolation
 E - a scroll of revelation
 M - 4 scrolls of identify
 U - a scroll of torment
Potions
 g - a potion of degeneration {unknown}
 n - 2 potions of enlightenment {unknown}
 p - 4 potions of berserk rage {unknown}
 s - 9 potions of curing {unknown}
 t - 4 potions of lignification {unknown}
 x - a potion of cancellation {unknown}
 F - a potion of invisibility {unknown}
 G - 3 potions of brilliance {unknown}
 I - a potion of mutation {unknown}
 P - 2 potions of haste {unknown}
 Q - 7 potions of heal wounds {unknown}
 X - a potion of ambrosia {unknown}


   Skills:
 - Level 15.0 Fighting
 - Level 4.0 Armour
 - Level 4.0 Dodging
 - Level 2.1 Stealth
 - Level 4.0 Shields
 + Level 9.4 Spellcasting
 - Level 4.0 Conjurations
 + Level 13.1 Ice Magic
 - Level 17.1 Earth Magic


You had 22 spell levels left.
You knew the following spells:

 Your Spells              Type           Power      Damage    Failure   Level
a - Sandblast             Erth           100%       2d20      0%          1
b - Stone Arrow           Conj/Erth      100%       3d13      1%          3
c - Permafrost Eruption   Ice/Erth       50%        2x4d14    1%          6

Your spell library contained the following spells:

 Spells                   Type           Power      Damage    Failure   Level
 Eringya's Noxious Bog    Alch           6%         4d6       92%         6
 Static Discharge         Conj/Air       50%        3-6/arc   1%          2
 Passwall                 Erth           100%       N/A       1%          3
 Brom's Barrelling Bould  Conj/Erth      84%        2d10      1%          4
 Leda's Liquefaction      Alch/Erth      38%        N/A       1%          4
 Petrify                  Alch/Erth      76%        N/A       1%          4
 Lee's Rapid Deconstruct  Erth           53%        3d25*     1%          5
 Flame Wave               Conj/Fire      25%        2d8       9%          4
 Iskenderun's Mystic Bla  Conj/Tloc      25%        2d7       9%          4
 Lesser Beckoning         Tloc           26%        N/A       11%         2
 Gell's Gravitas          Tloc           13%        N/A       21%         3
 Teleport Other           Tloc           13%        N/A       21%         3
 Tukima's Dance           Hex            13%        N/A       21%         3
 Irradiate                Conj/Alch      12%        3d15      21%         5
 Yara's Violent Unravell  Hex/Alch       6%         3d5       41%         5
 Passage of Golubria      Tloc           13%        N/A       56%         4
 Sculpt Simulacrum        Ice/Alch       25%        N/A       56%         6
 Conjure Ball Lightning   Conj/Air       12%        3x3d6     71%         6
 Lehudib's Crystal Spear  Conj/Erth      42%        10d10     78%         8
 Silence                  Hex/Air        6%         N/A       88%         5
 Dispersal                Tloc           6%         N/A       100%        6
 Haunt                    Necr/Summ      6%         N/A       100%        7
 Borgnjor's Revivificati  Necr           6%         N/A       100%        8
 Discord                  Hex            6%         N/A       100%        8
 Disjunction              Tloc           6%         N/A       100%        8
 Death's Door             Necr           6%         N/A       100%        9
 Fire Storm               Conj/Fire      12%        8d3       100%        9


Dungeon Overview and Level Annotations

Branches:
Dungeon (12/15)            Temple (1/1) D:7            Lair (5/5) D:9
  Swamp (1/4) Lair:3       Spider (0/4) Lair:3        Slime (0/5) Lair:4
    Orc (2/2) D:11            Elf (0/3) Orc:2

Altars:
Ashenzari
Cheibriados
Dithmenos
Elyvilon
Fedhas
Gozag
Hepliaklqana
Kikubaaqudgha
Makhleb
Nemelex Xobeh
Okawaru
Qazlal
Ru
Sif Muna
Trog
Uskayaw
Vehumet
Wu Jian
Xom
Yredelemnul
Zin
The Shining One
Beogh
Jiyva

Shops:
D:3 *   D:10 [   Orc:2 !*(:

Annotations:
D:5 exclusion: statue
D:11 2 transporters, exclusion: 2 ice statues, ballabu's ghost, journeyman OpAl
Lair:4 1 runed translucent door


Innate Abilities, Weirdness & Mutations

You are immune to sickness and miasma.
Your stone body is resilient. (AC +11)
You are immune to poison.
Your large and strong wings let you fly.
You resist negative energy. (rN+)
You are resistant to electric shocks. (rElec)
You are resistant to unholy torment.
You are immune to petrification.


Message History

Piercing cold boils outward!
The piercing cold hits the swamp worm!!
You kill the swamp worm!
Vehumet accepts your kill.
You feel your power returning.
The swamp worm fires a harpoon shot at you.
The harpoon shot hits you.
You are yanked forward by the harpoon shot.
The bog body casts a spell at you. The bolt of cold hits you!
Found a scroll of vulnerability.
The swamp worm fires a harpoon shot at you.
The harpoon shot hits you but does no damage.
The swamp worm bites you.
The bog body gestures at you while chanting.
The bolt of cold hits you!!
The swamp worm fires a harpoon shot at you.
The harpoon shot hits you!
You are yanked forward by the harpoon shot.
The tyrant leech attacks as it pursues you!
The tyrant leech bites you. The bog body casts a spell at you.
You resist with some effort.
The swamp worm bites you but does no damage.
The swamp worm bites you.
The bog body gestures at you while chanting.
The bolt of cold hits you!!!
* * * LOW HITPOINT WARNING * * *
There is a staircase back to the Lair here.
Okay, then.
Unknown command.
You block the swamp worm's attack. The swamp worm barely misses you. x2
You block the bog body's attack.
You fly upwards.
Welcome back to the Lair of Beasts!
There is a staircase to the Swamp here.
As you read the scroll of fear, it crumbles to dust.
You assume a fearsome visage.
The bog body is unaffected.
The swamp worm looks frightened! x2; The bog body touches you!
* * * LOW HITPOINT WARNING * * *
The bog body freezes you!!
You die...

#..##...#####....#
##..............P##
##...............###
##.................÷÷
#....................
#.#♣§♣...............
##.♣.♣§.§.(...........
#P..~n♣§§...##.......#
#..§♣@§w§#P.###......#
##~~♣.♣♣.....##......#
##~♣♣w.......#.......
#~.♣.♣.#....#.......#
#..♣...###..#........
#.......##...........
#P##........<.......#
####................#
#..................


You could see a bog body and 2 swamp worms.

Vanquished Creatures
  Jorgrun (D:11)
  The ghost of paps the Basher, a journeyman TrFi of Gozag (D:7)
  An eleionoma (Lair:3)
  4 dire elephants (Lair:5)
  Josephine (Lair:3)
  4 hydras
  Harold (Lair:1)
  A catoblepas (Lair:1)
  2 two-headed ogres
  A death knight (D:8)
  A centaur warrior (D:8)
  4 death yaks (Lair:5)
  Nergalle (Lair:1)
  A spectral death yak (Lair:5)
  A spectral anaconda (Lair:5)
  An obsidian statue (Lair:5)
  2 orc knights
  4 necromancers (Lair:5)
  2 ugly things
  14 elephants
  3 orc sorcerers
  An oklob plant (Lair:4)
  2 cyclopes
  A dire elephant zombie (Lair:5)
  7 kobold blastminers
  A black mamba (Lair:4)
  7 cane toads
  A torpor snail (Lair:4)
  2 kobold demonologists
  10 komodo dragons
  3 rime drakes
  An efreet (D:7)
  2 polar bears
  7 trolls
  25 blink frogs
  10 dream sheep
  3 slime creatures
  Sigmund (D:3)
  2 shadows (D:11)
  6 wraiths
  5 wyverns
  4 basilisks
  2 wargs
  32 yaks
  Eustachio (D:4)
  2 steam dragons
  2 death yak simulacra (Lair:5)
  4 vampire mosquitoes
  4 redbacks (Lair:3)
  A swamp worm (Swamp:1)
  2 acid dragons
  2 spectral cane toads (Lair:5)
  20 water moccasins
  3 ice beasts
  3 black bears
  32 orc warriors
  3 elephant zombies (Lair:5)
  2 ogres
  A sky beast (D:8)
  19 wolves
  9 centaurs
  A phantom (D:5)
  18 kobold brigands
  14 bullfrogs
  3 scorpions
  A gnoll sergeant (D:8)
  8 wights
  2 elephant simulacra (Lair:5)
  15 killer bees
  4 howler monkeys
  5 hounds
  3 jellies (D:6)
  Ijyb (D:3)
  2 gnoll boudas
  14 orc priests
  Jessica (D:3)
  An iguana (D:7)
  Terence (D:3)
  19 orc wizards
  Robin (D:2)
  4 gnolls
  9 adders
  A white imp (D:7)
  4 ufetubi
  2 ribbon worms
  3 dart slugs
  72 orcs
  11 bats
  5 endoplasms
  5 giant cockroaches
  15 goblins
  10 hobgoblins
  5 quokkas
  8 ball pythons
  5 frilled lizards
  19 kobolds
  A rat (D:1)
589 creatures vanquished.

Vanquished Creatures (others)
  An orc (Orc:1)
1 creature vanquished.

Grand Total: 590 creatures vanquished

Notes
Turn   | Place    | Note
-------+----------+-------------------------------------------
     0 | D:1      | Essalna the Gargoyle Earth Elementalist began the quest for
                  | the Orb.
     0 | D:1      | Reached XP level 1. HP: 10/10 MP: 3/3
   205 | D:1      | Reached XP level 2. HP: 15/15 MP: 3/5
   395 | D:1      | Reached skill level 4 in Earth Magic
   636 | D:1      | Reached XP level 3. HP: 10/19 MP: 6/6
   679 | D:1      | Learned a level 3 spell: Stone Arrow
  1160 | D:2      | Found a faded altar of an unknown god.
  1435 | D:2      | Noticed Robin
  1457 | D:2      | Reached XP level 4. HP: 24/24 MP: 1/8
  1460 | D:2      | Killed Robin
  2126 | D:3      | Found an opulent altar of Gozag.
  2128 | D:3      | Found Gozag's Platinum Reserve.
  2150 | D:3      | Noticed a scorpion
  2199 | D:3      | Noticed Terence
  2202 | D:3      | Killed Terence
  2203 | D:3      | Reached XP level 5. HP: 28/28 MP: 1/9
  2282 | D:3      | Noticed Sigmund
  2312 | D:3      | Killed Sigmund
  2313 | D:3      | Reached skill level 5 in Earth Magic
  2313 | D:3      | Reached XP level 6. HP: 23/32 MP: 4/11
  2458 | D:3      | Noticed Ijyb
  2470 | D:3      | Killed Ijyb
  2620 | D:3      | Noticed Jessica
  2623 | D:3      | Killed Jessica
  2624 | D:3      | Reached skill level 1 in Fighting
  2941 | D:3      | Reached skill level 6 in Earth Magic
  2941 | D:3      | Reached XP level 7. HP: 35/40 MP: 9/13
  3123 | D:3      | You fall into a shaft and drop 3 floors!
  3150 | D:5      | Entered Level 5 of the Dungeon
  3154 | D:5      | Found a white marble altar of Elyvilon.
  3271 | D:4      | Found a burning altar of Makhleb.
  3320 | D:4      | Found a blossoming altar of Fedhas.
  3459 | D:4      | Found a sacrificial altar of Ru.
  3459 | D:4      | Noticed Eustachio
  3470 | D:4      | Killed Eustachio
  3951 | D:5      | Reached skill level 7 in Earth Magic
  4034 | D:5      | Found a hazy altar of Hepliaklqana.
  4061 | D:5      | Found a snail-covered altar of Cheibriados.
  4230 | D:5      | Found a radiant altar of Vehumet.
  4238 | D:5      | Became a worshipper of Vehumet
  4492 | D:5      | Reached XP level 8. HP: 44/48 MP: 9/14
  4801 | D:5      | Found an ornate altar of the Wu Jian Council.
  4931 | D:6      | Reached skill level 5 in Fighting
  4931 | D:6      | Reached skill level 8 in Earth Magic
  5358 | D:6      | Reached skill level 9 in Earth Magic
  5427 | D:6      | Found a hide-covered altar of Uskayaw.
  5851 | D:7      | Reached XP level 9. HP: 56/56 MP: 13/15
  5983 | D:7      | Reached * piety under Vehumet
  5983 | D:7      | Offered knowledge of Sting by Vehumet.
  6010 | D:7      | Reached skill level 10 in Earth Magic
  6263 | D:7      | Noticed an efreet
  6266 | D:7      | Noticed paps's ghost (journeyman TrFi)
  6282 | D:7      | Found a staircase to the Ecumenical Temple.
  6317 | Temple   | Entered the Ecumenical Temple
  6326 | D:7      | Found a runed translucent gate.
  6327 | D:7      | Found a runed translucent gate.
  6328 | D:7      | Found a runed translucent gate.
  6855 | D:8      | Noticed a two-headed ogre
  6856 | D:8      | Noticed a purple ugly thing
  6870 | D:8      | Noticed a death knight
  7121 | D:8      | Identified the +1 dagger "Plog" {pain, rN+ Will+ Int+2
                  | Dex+3 Stlth+}
  7218 | D:8      | Killed a two-headed ogre
  7219 | D:8      | Reached skill level 11 in Earth Magic
  7311 | D:8      | Reached XP level 10. HP: 61/66 MP: 11/16
  7311 | D:8      | Offered knowledge of Foxfire by Vehumet.
  7355 | D:8      | Reached ** piety under Vehumet
  7429 | D:8      | Noticed an eight-headed hydra
  7436 | D:8      | Killed an eight-headed hydra
  7437 | D:8      | Reached skill level 10 in Fighting
  7437 | D:8      | Reached skill level 12 in Earth Magic
  7550 | D:8      | Found a basalt altar of Yredelemnul.
  7558 | D:8      | Found a shimmering altar of Xom.
  7558 | D:8      | Noticed a kobold demonologist
  7568 | D:8      | Killed a kobold demonologist
  7569 | D:8      | Found a blossoming altar of Fedhas.
  7569 | D:8      | Found a blossoming altar of Fedhas.
  7577 | D:8      | Noticed a centaur warrior
  7776 | D:9      | Found a shimmering altar of Xom.
  7831 | D:9      | Reached skill level 13 in Earth Magic
  8183 | D:9      | Offered knowledge of Scorch by Vehumet.
  8275 | D:9      | Found a broken altar of Ashenzari.
  8515 | D:9      | Found a staircase to the Lair.
  8515 | D:9      | Noticed an elephant
  8533 | D:9      | Killed an elephant
  8673 | Lair:1   | Entered Level 1 of the Lair of Beasts
  8680 | Lair:1   | Identified the +9 plate armour "Sanook" {rPois rF+}
  8692 | Lair:1   | Noticed Nergalle
  8719 | D:9      | Reached XP level 11. HP: 38/74 MP: 17/17
  8803 | D:10     | Entered Level 10 of the Dungeon
  8826 | D:10     | Noticed a cyan ugly thing
  8842 | D:10     | Killed a cyan ugly thing
  8843 | D:10     | Reached skill level 14 in Earth Magic
  9347 | D:10     | Reached *** piety under Vehumet
  9422 | D:10     | Found a bloodstained altar of Trog.
  9470 | D:10     | Found Xeng's Armour Emporium.
  9508 | D:10     | Noticed a two-headed ogre
  9514 | D:10     | Killed a two-headed ogre
  9823 | D:10     | Found a glowing golden altar of the Shining One.
 10267 | D:11     | Offered knowledge of Ignite Poison by Vehumet.
 10268 | D:11     | Reached skill level 1 in Shields
 10336 | D:11     | Reached skill level 15 in Earth Magic
 10408 | D:11     | Noticed a cyclops
 10409 | D:11     | Reached **** piety under Vehumet
 10413 | D:11     | Killed a cyclops
 10415 | D:11     | Offered knowledge of Frozen Ramparts by Vehumet.
 10512 | D:11     | Found a transporter.
 10514 | D:11     | Noticed a two-headed ogre
 10516 | D:11     | Found a transporter.
 10520 | D:11     | Identified the granite talisman of Hatzynel {rN+ Will-
                  | rCorr}
 10521 | D:11     | Noticed ballabu's ghost (journeyman OpAl)
 10521 | D:11     | Noticed a centaur warrior
 10527 | D:11     | Noticed a two-headed ogre
 10691 | D:11     | Found a staircase to the Orcish Mines.
 11060 | D:11     | Reached XP level 12. HP: 77/84 MP: 11/18
 11572 | Orc:1    | Entered Level 1 of the Orcish Mines
 11572 | Orc:1    | Noticed Jorgrun
 11915 | Lair:1   | Reached skill level 16 in Earth Magic
 12079 | Lair:1   | Killed Nergalle
 12208 | Lair:1   | Noticed Harold
 12214 | Lair:1   | Killed Harold
 12612 | Lair:1   | Noticed a catoblepas
 12620 | Lair:1   | Killed a catoblepas
 13516 | Lair:2   | Noticed a seven-headed hydra
 13521 | Lair:2   | Killed a seven-headed hydra
 13522 | Lair:2   | Reached skill level 1 in Armour
 14199 | Lair:3   | Noticed Josephine
 14535 | Lair:3   | Killed Josephine
 14536 | Lair:3   | Reached XP level 13. HP: 80/91 MP: 20/20
 14539 | Lair:3   | Reached skill level 5 in Spellcasting
 14715 | Lair:3   | Reached skill level 17 in Earth Magic
 14799 | Lair:3   | Found a hole to the Spider Nest.
 15005 | Lair:3   | Reached ***** piety under Vehumet
 15200 | Lair:3   | Offered knowledge of Permafrost Eruption by Vehumet.
 15211 | Lair:3   | Learned a level 6 spell: Permafrost Eruption
 15276 | Lair:3   | Reached skill level 15 in Fighting
 15432 | Lair:3   | Reached skill level 1 in Ice Magic
 15711 | Lair:3   | Noticed an eleionoma
 15718 | Lair:3   | Killed an eleionoma
 15766 | Lair:3   | Found a staircase to the Swamp.
 16149 | Lair:4   | Found a runed translucent door.
 16541 | Lair:4   | Reached skill level 5 in Ice Magic
 16658 | Lair:4   | Identified the +3 long sword "Cutsarib" {speed, Will+ SInv}
 17861 | Lair:4   | Found a viscous altar of Jiyva.
 17861 | Lair:4   | Noticed an azure jelly
 17862 | Lair:4   | Noticed an azure jelly
 17863 | Lair:4   | Found a staircase to the Slime Pits.
 17996 | Lair:5   | Entered Level 5 of the Lair of Beasts
 18299 | Lair:5   | Gained mutation: Your large and strong wings let you fly.
                  | [Gargoyle growth]
 18299 | Lair:5   | Reached XP level 14. HP: 98/98 MP: 17/22
 18408 | Lair:5   | Offered knowledge of Eringya's Noxious Bog by Vehumet.
 18411 | Lair:5   | Reached skill level 10 in Ice Magic
 18613 | Lair:5   | Noticed a dire elephant
 18613 | Lair:5   | Noticed a dire elephant
 18616 | Lair:5   | Noticed a dire elephant
 19527 | Lair:5   | Killed a dire elephant
 19537 | Lair:5   | Noticed a dire elephant
 19659 | Lair:5   | Killed a dire elephant
 20263 | Lair:5   | Killed a dire elephant
 20646 | Lair:5   | Got the Atlas of Transposed Percussion
 20696 | Lair:5   | Killed a dire elephant
 21228 | D:8      | Got the Directory of the Pyre and Nigredo
 21728 | D:8      | Found a roughly hewn altar of Beogh.
 22265 | D:7      | Killed paps's ghost
 22776 | D:11     | Reached XP level 15. HP: 82/103 MP: 26/27
 22833 | D:11     | Killed Jorgrun
 23311 | Orc:2    | Entered Level 2 of the Orcish Mines
 23447 | Orc:2    | Found a staircase to the Elven Halls.
 24110 | Orc:2    | Found Gotyelo's General Store.
 24110 | Orc:2    | Found Ziss's Antique Weapon Boutique.
 24110 | Orc:2    | Found Haora's Book Shop.
 24113 | Orc:2    | Found Taqolaske's Distillery.
 24120 | Orc:2    | Bought a manual of Earth Magic for 1120 gold pieces
 24517 | Swamp:1  | Entered Level 1 of the Swamp
 24525 | Lair:3   | Demolished by a bog body

Illustrated notes

Levels and vault maps discovered:
D:1:      lightli_arrival_statuegarden, layout_basic
D:2:      layout_loops_ring, hellmonk_ecumenical_altar_run_dry,
          grunt_ministairs_1, nicolae_figureground_pulse, uniq_robin
D:3:      kennysheep_six_static_rooms, layout_loops_ring,
          nicolae_gozag_zags_fifth_avenue, chequers_serial_rivers_marsh,
          uniq_ijyb, uniq_jessica, uniq_terence, uniq_sigmund
D:4:      layout_cave_pools, mainiacjoe_overflow_catwalk, fedhas_altar_1,
          mainiacjoe_overflow_chevrons, serial_bayou_crossing, uniq_eustachio
D:5:      layout_basic, kennysheep_slug_shrine, kennysheep_little_box,
          vehumet_statue, nicolae_hepliaklqana_hazy_memory,
          mainiacjoe_overflow_brackets
D:6:      layout_gridville, lemuel_doored_altar
D:7:      layout_basic, minmay_temple_entry_metal_lava, gammafunk_ghost_split
D:8:      minmay_the_grid_octo_triangle [minmay_the_grid_octo_shrine,
          minmay_the_grid_octo_prize_star, minmay_the_grid_octo_horde],
          layout_cave_pods, special_room [special_room_orc]
D:9:      layout_rooms, mainiacjoe_overflow_boulevard,
          nicolae_ashenzari_panopticon, grunt_lair_entry_orc_guard_hut
D:10:     statuecave_lemuel, layout_long_grid, mainiacjoe_overflow_alcove_4,
          lemuel_coloured_pillars_altar, serial_shops, shop
D:11:     layout_basic, david_orc_3, nzn_ghost_randoct, special_room
          [special_room_kobold], small_statue_intersection, minmay_orc_keep
D:12:     gammafunk_beogh_shrine, layout_layer_cave, gammafunk_ghost_cemetery,
          minmay_statue_crystal_thing, uniq_psyche
Temple:   nicolae_temple_godpark
Lair:1:   layout_regular_city, serial_bayou_shore_b, grunt_megastairs_3,
          lemuel_fruit_tree, uniq_nergalle, uniq_harold
Lair:2:   layout_cave_pods, grunt_megastairs_4, serial_bayou_shore_b
Lair:3:   layout_regular_city, alex1729_swamp_entry_worm_eleionoma,
          spider_nest_entry_a, uniq_josephine
Lair:4:   layout_regular_city, slime_entry_2
Lair:5:   due_jungle_book, layout_regular_city, chequers_serial_rivers_small_a,
          chequers_serial_rivers_large_a, grunt_megastairs_5
Swamp:1:  layout_falls_marsh, infiniplex_staircase_pool,
          nicolae_swamp_necromancy_gone_wrong
Orc:1:    layout_caves, uniq_jorgrun
Orc:2:    st_orc_rangers, layout_diamond_mine

Skill      XL: |  1  2  3  4  5  6  7  8  9 10 11 12 13 14 15 |
---------------+----------------------------------------------+-----
Earth Magic    | 4 5 6 7 9 11 13 15 16 17 | 17.1
Conjurations   | 2 3 4 |  4.0
Spellcasting   | 3 4 5 8 9 |  9.4
Fighting       | 2 4 6 9 11 13 14 15 | 15.0
Shields        | 4 |  4.0
Armour         | 3 4 |  4.0
Dodging        | 3 4 |  4.0
Ice Magic      | 9 12 13 | 13.1
Stealth        | |  2.1

Action                     |  1- 3 |  4- 6 |  7- 9 | 10-12 | 13-15 || total
---------------------------+-------+-------+-------+-------+-------++-------
  Melee: Dagger            |    28 |    29 |    16 |   102 |       ||   175
         Unarmed           |     7 |       |       |       |       ||     7
         Staff             |       |       |       |    14 |    30 ||    44
   Cast: Sandblast         |    43 |    59 |   141 |   251 |    44 ||   538
         Stone Arrow       |       |     5 |    10 |   143 |   299 ||   457
         Permafrost Erupti |       |       |       |       |   114 ||   114
  Evoke: Wand              |       |       |       |     8 |       ||     8
    Use: Scroll            |       |       |       |    14 |     6 ||    20
         Potion            |       |       |       |       |     1 ||     1
   Stab: Sleeping          |     1 |       |       |       |       ||     1
 Armour: Robe              |    37 |    34 |    65 |     1 |       ||   137
         Leather armour    |       |       |       |   126 |       ||   126
         Plate armour      |       |       |       |   217 |       ||   217
         Troll leather arm |       |       |       |   176 |   348 ||   524
  Dodge: Dodged            |    24 |    22 |    56 |   182 |   158 ||   442
  Block: Buckler           |       |       |       |    61 |    52 ||   113

Table legend: (Time is in decaauts)
 A = Elapsed time spent in this place.
 B = Non-inter-level travel time spent in this place.
 C = Inter-level travel time spent in this place.
 D = Time resting spent in this place.
 E = Time spent auto-exploring this place.
 F = Levels seen in this place.
 G = Mean time per level.
                   A        B        C        D        E       F      G
               +--------+--------+--------+--------+--------+-----+--------+
         Total |  24885 |  23370 |   1515 |   1100 |  18907 |  21 | 1185.0 |
       Dungeon |  13805 |  12722 |   1083 |    526 |  10103 |  12 | 1150.4 |
        Temple |      1 |      1 |      0 |      0 |      0 |   1 |    1.0 |
          Lair |   9572 |   9205 |    367 |    464 |   7633 |   5 | 1914.4 |
         Swamp |      6 |      6 |      0 |      0 |      0 |   1 |    6.0 |
  Orcish Mines |   1499 |   1435 |     64 |    110 |   1170 |   2 |  749.5 |
               +--------+--------+--------+--------+--------+-----+--------+

Top non-repeatable levels by time:
  Lair:5: 2479 daAuts
  Lair:4: 2239 daAuts
  Lair:3: 2221 daAuts
    D:11: 1860 daAuts
     D:8: 1805 daAuts
  Lair:1: 1470 daAuts
     D:7: 1469 daAuts
    D:10: 1368 daAuts
     D:3: 1186 daAuts
  Lair:2: 1161 daAuts
     D:9: 1124 daAuts
     D:5: 1107 daAuts
     D:2: 1080 daAuts
     D:1: 1064 daAuts
   Orc:2: 958 daAuts
